 Dungeon Crawl Stone Soup version 0.31.0-11-ge490571c62 (webtiles) character file.

Game seed: 17780670724916075410

341 Ofeo the Shooter (level 6, 0/48 HPs)
             Began as a Barachi Hunter on Jan 27, 2024.
             Slain by a hound (5 damage)
             ... on level 3 of the Dungeon.
             The game lasted 00:01:27 (2213 turns).

Ofeo the Shooter (Barachi Hunter)                   Turns: 2213, Time: 00:01:27

Health: 0/48       AC:  3    Str: 12    XL:     6   Next: 56%
Magic:  6/6        EV: 13    Int:  9    God:
Gold:   106        SH:  0    Dex: 18    Spells: 5/5 levels left

rFire   . . .        a - +0 shortbow (flame)
rCold   . . .        (shield currently unavailable)
rNeg    . . .        c - +0 leather armour
rPois   .            (no helmet)
rElec   .            (no cloak)
rCorr   .            (no gloves)
SInv    .            (no boots)
Will    .....        (no amulet)
Stlth   ++           (no ring)
HPRegen 0.28/turn    (no ring)
MPRegen 0.10/turn

%: no passive effects
@: slow
A: amphibious, slowness 1, strong legs 1, +LOS
a: Hop


You were on level 3 of the Dungeon.
You visited 1 branch of the dungeon, and saw 3 of its levels.

You collected 106 gold pieces.

Inventory:

Hand Weapons
 a - a +0 shortbow of flaming (weapon)
Armour
 c - a +0 leather armour (worn)
Jewellery
 i - a ring of ice
Scrolls
 b - a scroll of butterflies
 k - a scroll of immolation
Potions
 d - a potion of degeneration {unknown}
 e - a potion of brilliance {unknown}
 f - a potion of berserk rage {unknown}
 g - 2 potions of heal wounds {unknown}
 h - a potion of mutation {unknown}
 j - a potion of might {unknown}


   Skills:
 - Level 4.3 Fighting
 + Level 5.5 Ranged Weapons
 - Level 3.9 Dodging
 - Level 2.9 Stealth


You had 5 spell levels left.
You didn't know any spells.
Your spell library contained the following spells:

 Spells                   Type           Power      Damage    Failure   Level
 Dazzling Flash           Conj/Hex       0%         N/A       83%         3
 Mephitic Cloud           Conj/Alch/Air  0%         N/A       83%         3
 Curse of Agony           Necr           0%         N/A       100%        5
 Silence                  Hex/Air        0%         N/A       100%        5


Dungeon Overview and Level Annotations

Branches:
Dungeon (3/15)

Altars:
Cheibriados

Shops:
D:1 =

Annotations:
D:2 1 runed translucent door, Crazy Yiuf


Innate Abilities, Weirdness & Mutations

You are amphibious.
You cover ground slowly.
You can hop short distances.
You have an extended range of vision and can be seen from far away.


Message History

The hound bites you. x2; The gnoll completely misses you.
You take 6 damage, and have 27/48 hp.
You shoot an arrow. The arrow misses the hound.
The hound closely misses you.
The gnoll hits you from afar with a +0 spear.
The hound bites you but does no damage.
You take 5 damage, and have 22/48 hp.
You are too injured to fight recklessly!
You shoot an arrow. The arrow hits the hound.
The arrow burns the hound.
The hound is almost dead.
The hound bites you. The gnoll hits you but does no damage.
The hound bites you but does no damage.
You take 3 damage, and have 19/48 hp.
You shoot an arrow. The arrow closely misses the hound.
The arrow hits the gnoll.
The arrow burns the gnoll.
The gnoll is lightly wounded.
The hound bites you. The hound barely misses you. The gnoll barely misses you.
You take 2 damage, and have 17/48 hp.
You shoot an arrow. The arrow barely misses the hound.
The arrow barely misses the gnoll.
The hound closely misses you.
The gnoll hits you from afar with a +0 spear.
* * * LOW HITPOINT WARNING * * *
The hound closely misses you.
You take 4 damage, and have 13/48 hp.
You shoot an arrow. The arrow barely misses the hound.
The arrow hits the gnoll but does no damage.
The gnoll is lightly wounded.
The hound closely misses you.
The gnoll hits you from afar with a +0 spear.
* * * LOW HITPOINT WARNING * * *
You take 5 damage, and have 8/48 hp.
You shoot an arrow. The arrow closely misses the hound.
The arrow completely misses the gnoll.
The hound bites you.
* * * LOW HITPOINT WARNING * * *
The hound closely misses you. The gnoll barely misses you.
You take 4 damage, and have 4/48 hp.
You shoot an arrow. The arrow closely misses the hound.
The arrow hits the gnoll.
The arrow burns the gnoll.
The gnoll is moderately wounded.
The hound misses you. The gnoll completely misses you. The hound bites you.
You die...

######## ####.....†# #...@...#.##
#..PhP..#..#
####g#####.########## .†+
#.......##.. ...# ##..........
####### #...+ #...........
......# ############...........
......# #..#...................
......######.>....#..............


You could see a hound and a gnoll.

Vanquished Creatures
  Grinder (D:3)
  A hound (D:3)
  Jessica (D:3)
  2 adders (D:3)
  4 dart slugs
  A ribbon worm (D:2)
  7 bats
  4 endoplasms
  5 giant cockroaches
  3 goblins
  7 hobgoblins
  5 jackals (D:3)
  4 quokkas
  7 ball pythons
  3 frilled lizards (D:1)
  4 kobolds
  5 rats
64 creatures vanquished.

Notes
Turn   | Place    | Note
-------+----------+-------------------------------------------
     0 | D:1      | Ofeo the Barachi Hunter began the quest for the Orb.
     0 | D:1      | Reached XP level 1. HP: 17/17 MP: 1/1
    49 | D:1      | Reached skill level 1 in Stealth
    89 | D:1      | Reached XP level 2. HP: 23/23 MP: 2/2
   458 | D:1      | Reached XP level 3. HP: 29/29 MP: 3/3
   590 | D:1      | Found Jekhlugat's Jewellery Shoppe.
  1409 | D:2      | Reached XP level 4. HP: 35/35 MP: 4/4
  1582 | D:2      | Found a runed translucent door.
  1583 | D:2      | Noticed Crazy Yiuf
  1820 | D:3      | Noticed Grinder
  1835 | D:3      | Paralysed by Grinder for 2 turns
  1840 | D:3      | Killed Grinder
  1841 | D:3      | Reached skill level 5 in Ranged Weapons
  1841 | D:3      | Reached XP level 5. HP: 17/42 MP: 5/5
  1841 | D:3      | Reached XP level 6. HP: 20/48 MP: 6/6
  1990 | D:3      | Noticed Jessica
  1993 | D:3      | Killed Jessica
  2115 | D:3      | Found a snail-covered altar of Cheibriados.
  2213 | D:3      | Slain by a hound

Illustrated notes

Levels and vault maps discovered:
D:1:      minmay_arrival_three_doors, layout_loops_ring, serial_shops,
          shop_statue
D:2:      layout_loops_ring, nicolae_elevator_lobby_asterisk,
          uniq_crazy_yiuf_cottage
D:3:      layout_rooms, kennysheep_slug_shrine, cheibrodos_gnoll_hut,
          uniq_jessica, uniq_grinder

Skill      XL: |  1  2  3  4 |
---------------+-------------+-----
Stealth        | 1 2 |  2.9
Fighting       | 3 4 |  4.3
Dodging        | 3 |  3.9
Ranged Weapons | 5 |  5.5

Action                     |  1- 3 |  4- 6 || total
---------------------------+-------+-------++-------
   Fire: Shortbow          |   125 |    77 ||   202
    Use: Scroll            |       |     5 ||     5
 Armour: Leather armour    |    15 |    22 ||    37
  Dodge: Dodged            |    18 |    30 ||    48
